 Dungeon Crawl Stone Soup version 0.29-a0-355-g7276a9ff7f (webtiles) character file.

Game seed: 8843822633596731551

0 101zpm the Sneak (level 1, 0/15 HPs)
             Began as a Naga Air Elementalist on Apr 24, 2022.
             Frozen to death by an endoplasm (1 damage)
             ... on level 1 of the Dungeon.
             The game lasted 00:00:10 (22 turns).

101zpm the Sneak (Naga Air Elementalist)              Turns: 22, Time: 00:00:10

Health: 0/15       AC:  1    Str: 10    XL:     1   Next: 10%
Magic:  1/3        EV:  9    Int: 15    God:
Gold:   0          SH:  0    Dex: 11    Spells: 3/4 levels left

rFire   . . .      SeeInvis +   (no weapon)
rCold   . . .      Faith    .   (no shield)
rNeg    . . .      Spirit   .   a - +0 robe
rPois   +          Reflect  .   (no helmet)
rElec   .          Harm     .   (no cloak)
rCorr   .          Rampage  .   (no gloves)
Will    .....                   (no barding)
Stlth   ++........              (no amulet)
HPRegen 0.05/turn               (no ring)
MPRegen 0.08/turn               (no ring)

@: very slow
A: AC +0, large, see invisible, deformed body, poison resistance, slowness 2,
spit poison 1, naga tail 1
a: Spit Poison


You were on level 1 of the Dungeon.
You visited 1 branch of the dungeon, and saw 1 of its levels.

Inventory:

Armour
 a - a +0 robe (worn)
Potions
 b - a potion of magic


   Skills:
 + Level 1.5 Dodging
 + Level 3.0 Stealth
 + Level 2.0 Spellcasting
 + Level 1.0 Conjurations
 + Level 3.0 Air Magic


You had 3 spell levels left.
You knew the following spells:

 Your Spells              Type           Power      Damage    Failure   Level
a - Shock                 Conj/Air       28%        1d4       10%         1

Your spell library contained the following spells:

 Spells                   Type           Power      Damage    Failure   Level
 Static Discharge         Conj/Air       7%         N/A       14%         2
 Swiftness                Air            10%        N/A       19%         3
 Airstrike                Air            5%         N/A       54%         4


Dungeon Overview and Level Annotations

Branches:
Dungeon (1/15)

Altars:


Innate Abilities, Weirdness & Mutations

Your serpentine skin is tough. (AC +0)
You have supernaturally acute eyesight. (SInv)
Armour fits poorly on your strangely shaped body.
Your system is resistant to poisons. (rPois)
You cover ground very slowly.
You can spit poison.
You have a snake-like lower body.


Message History

Welcome, 101zpm the Naga Air Elementalist.
Are you destined to find the glorious Orb of Zot, or to die trying?
Press ? for a list of commands and other information.
Found a club.
Found a staircase leading out of the dungeon.
Found an escape hatch in the floor.
A frilled lizard comes into view.
The frilled lizard hisses angrily.
The zap hits the frilled lizard.
You kill the frilled lizard!
An endoplasm comes into view.
A quokka comes into view.
The zap hits the quokka.
The quokka is lightly wounded.
The endoplasm quivers.
The zap hits the quokka.
The quokka is severely wounded.
You are too depleted to draw on your mana recklessly!
You swing at nothing.
The quokka attacks as you move away! The quokka closely misses you.
The quokka bites you. The quokka bites you.
The endoplasm attacks as you move away! The endoplasm hits you.
* * * LOW HITPOINT WARNING * * *
The quokka bites you.
* * * LOW HITPOINT WARNING * * *
The endoplasm freezes you.
You are frozen.
You die...

... # #.. .## #..#
#..# ###...###...##
#............. ##...
....... #...###...###
##...#..@...>#
#....#.Jr....#
#....)........
#......#......
##.............
#####...#.......#.. .
...#...#<......# .
...####.#...###...###
......J..#...........


You could see an endoplasm and a quokka.

Vanquished Creatures
  A frilled lizard (D:1)
1 creature vanquished.

Notes
Turn   | Place    | Note
-------+----------+-------------------------------------------
     0 | D:1      | 101zpm the Naga Air Elementalist began the quest for the
                  | Orb.
     0 | D:1      | Reached XP level 1. HP: 15/15 MP: 3/3
    22 | D:1      | Frozen to death by an endoplasm

Illustrated notes

Levels and vault maps discovered:
D:1:      minmay_arrival_open_corners, layout_loops_ring, minmay_misc_feat_five

Action                   || total
-------------------------++-------
 Cast: Shock             ||     3
Dodge: Dodged            ||     1

Table legend: (Time is in decaauts)
 A = Elapsed time spent in this place.
 B = Non-inter-level travel time spent in this place.
 C = Inter-level travel time spent in this place.
 D = Time resting spent in this place.
 E = Time spent auto-exploring this place.
 F = Levels seen in this place.
 G = Mean time per level.
                   A        B        C        D        E       F      G
               +--------+--------+--------+--------+--------+-----+--------+
         Total |     29 |     29 |      0 |      0 |     11 |   1 |   29.0 |
       Dungeon |     29 |     29 |      0 |      0 |     11 |   1 |   29.0 |
               +--------+--------+--------+--------+--------+-----+--------+

Top non-repeatable levels by time:
     D:1: 29 daAuts
